Map: King's Cove LE

Players

艾佛伸

  • Race: Protoss Protoss
  • League: Platinum
  • Spawn Location: 5:00

llllllllllll - Winner!

  • Race: Terran Terran
  • League: Platinum
  • Spawn Location: 11:00

VOD

Have the link to the VOD?

Description

Time

  • Played on: April 25, 2025, 5:29 a.m.
  • Length: 3:16
Show
View Real Time Build Order
Export as new Build Order

艾佛伸 Protoss 

Build Orders: 1 Gate Expand 

Get SALT Encoding   

  12  0:00  Probe  
  13  0:12  Probe  
  14  0:23  Pylon  
  14  0:24  Probe  
  15  0:32  Assimilator  
  15  0:40  Probe  
  16  0:46  Gateway  
  16  0:48  Probe  
  16  0:56  Probe  
  18  1:07  Probe  
  19  1:20  Probe  
  20  1:36  Nexus  
  20  1:47  Cybernetics Core  
  20  2:06  Pylon  
  20  2:09  Pylon  
  20  2:12  Stalker  
  20  2:29  Gateway  
  22  2:35  Stalker  
  19  2:47  Probe  
  20  2:57  Shield Battery  
Show
View Real Time Build Order
Export as new Build Order

llllllllllll Terran - Winner!

Build Orders:  

Get SALT Encoding   

  12  0:00  SCV  
  13  0:12  SCV  
  14  0:20  Supply Depot  
  14  0:24  SCV  
  15  0:33  Refinery  
  15  0:47  Barracks  
  15  1:02  Barracks  
  15  1:20  Barracks  
  15  1:34  Reaper  
  15  1:38  Refinery  
  16  1:48  Reaper  
  17  2:06  Reaper  
  17  2:07  Reaper  
  19  2:10  Orbital Command  
  19  2:20  Reaper  
  20  2:38  Reaper  
  20  2:40  Reaper  
  22  2:49  SCV  
  24  3:02  SCV  
Tags
 
Add a new tag
Caveats
  • Supply blocks, unpowered buildings, or Contaminate may cause inaccurate times.
  • Supply counts are checked every 10 seconds.